Map: Ascension to Aiur LE

Players

SAMUSPHENOM

  • Race: Protoss Protoss
  • League: Gold
  • Spawn Location: 5:00

Yata - Winner!

  • Race: Zerg Zerg
  • League: Gold
  • Spawn Location: 11:00

VOD

Have the link to the VOD?

Description

Time

  • Played on: Sept. 9, 2017, 8:50 p.m.
  • Length: 14:36
Show
View Real Time Build Order
Export as new Build Order

SAMUSPHENOM Protoss 

Build Orders: Oracle Opening 

Get SALT Encoding   

  12  0:01  Probe (Chrono Boost)  
  13  0:12  Probe (Chrono Boost)  
  14  0:19  Pylon  
  14  0:22  Probe (Chrono Boost)  
  15  0:38  Gateway, Probe (Chrono Boost)  
  16  0:45  Assimilator  
  16  0:48  Probe (Chrono Boost)  
  17  0:56  Pylon  
  17  0:59  Probe (Chrono Boost)  
  18  1:08  Assimilator  
  18  1:09  Probe (Chrono Boost)  
  19  1:20  Probe (Chrono Boost)  
  20  1:26  Cybernetics Core  
  21  1:33  Probe (Chrono Boost)  
  21  1:43  Probe (Chrono Boost)  
  22  2:00  Nexus  
  22  2:07  Warp Gate (Chrono Boost)  
  24  2:12  Stalker (Chrono Boost)  
  24  2:16  Probe  
  25  2:27  Pylon  
  25  2:28  Probe  
  25  2:41  Stargate  
  25  2:55  Pylon  
  25  2:59  Gateway  
  25  3:15  Robotics Facility  
  25  3:21  Forge, Probe  
  25  3:26  Mothership Core  
  26  3:33  Sentry  
  30  3:40  Oracle (Chrono Boost)  
  30  3:46  Probe  
  34  4:06  Observer  
  35  4:12  Protoss Ground Weapons Level 1, Probe (Chrono Boost)  
  35  4:14  Probe (Chrono Boost)  
  37  4:19  Assimilator  
  37  4:23  Probe (Chrono Boost)  
  38  4:24  Pylon  
  38  4:26  Probe (Chrono Boost)  
  38  4:29  Stalker  
  41  4:34  Probe (Chrono Boost)  
  37  5:00  Probe (Chrono Boost)  
  37  5:02  Probe (Chrono Boost)  
  39  5:07  Pylon  
  39  5:09  Photon Cannon  
  39  5:11  Probe (Chrono Boost)  
  39  5:13  Pylon  
  41  5:14  Probe (Chrono Boost)  
  42  5:21  Probe (Chrono Boost)  
  42  5:22  Immortal (Chrono Boost)  
  42  5:28  Assimilator  
  46  5:30  Probe (Chrono Boost)  
  46  5:32  Probe (Chrono Boost)  
  48  5:37  Sentry  
  50  5:49  Photon Cannon  
  50  5:52  Gateway  
  50  5:55  Pylon  
  50  5:59  Probe (Chrono Boost)  
  50  6:01  Probe (Chrono Boost)  
  52  6:12  Probe (Chrono Boost)  
  52  6:13  Probe (Chrono Boost)  
  52  6:15  Photon Cannon  
  52  6:17  Observer, Stalker  
  56  6:25  Phoenix  
  59  6:42  Immortal  
  59  6:52  Robotics Bay  
  63  6:55  Robotics Facility  
  63  7:18  Immortal  
  63  7:21  Stalker x2  
  58  7:29  Gateway, Probe (Chrono Boost)  
  64  7:30  Probe (Chrono Boost)  
  64  7:47  Disruptor  
  67  7:52  Disruptor  
  67  7:54  Probe (Chrono Boost)  
  67  7:55  Probe (Chrono Boost)  
  72  8:04  Probe (Chrono Boost)  
  73  8:07  Gateway  
  73  8:15  Photon Cannon  
  73  8:18  Probe (Chrono Boost)  
  74  8:40  Colossus  
  77  8:50  Oracle  
  80  8:58  Stalker x2  
  74  9:22  Stalker x2  
  74  9:23  Stalker x2  
  82  9:35  Mothership Core (Chrono Boost)  
  84  9:39  Probe (Chrono Boost)  
  85  9:50  Probe (Chrono Boost)  
  85  9:52  Twilight Council  
  86  9:54  Probe (Chrono Boost)  
  87  10:00  Probe (Chrono Boost)  
  87  10:02  Stalker  
  87  10:04  Zealot  
  87  10:05  Sentry  
  94  10:32  Probe (Chrono Boost)  
  93  10:38  Stalker  
  93  10:51  Photon Cannon  
  93  10:52  Charge  
  93  10:54  Photon Cannon  
  93  10:56  Probe (Chrono Boost)  
  94  10:57  Gateway  
  94  11:00  Gateway  
  94  11:45  Nexus  
  94  11:47  Pylon  
  94  11:53  Pylon  
  94  11:57  Pylon, Protoss Ground Weapons Level 2, Colossus  
  94  11:59  Pylon  
  94  12:00  Pylon  
  94  12:04  Pylon, Assimilator  
  94  12:05  Probe (Chrono Boost)  
  94  12:07  Probe (Chrono Boost)  
  102  12:09  Assimilator  
  102  12:13  Immortal  
  106  12:16  Probe (Chrono Boost)  
  106  12:19  Probe (Chrono Boost)  
  78  12:47  Colossus  
  78  12:49  Stalker x3  
  78  12:50  Stalker  
  78  12:51  Stalker x3  
  86  13:10  Fleet Beacon  
  80  13:17  Stalker  
  68  13:20  Zealot  
  67  13:27  Disruptor  
  70  13:49  Pylon, Stalker x2  
  70  13:50  Zealot  
  56  14:24  Stalker  
  56  14:25  Stalker x4  
  56  14:29  Zealot  
  56  14:30  Zealot x2  
Show
View Real Time Build Order
Export as new Build Order

Yata Zerg - Winner!

Build Orders: Hatch First 

Get SALT Encoding   

  12  0:00  Drone  
  13  0:12  Overlord  
  13  0:17  Drone  
  14  0:30  Drone  
  14  0:31  Drone  
  14  0:34  Drone  
  17  0:52  Hatchery  
  16  0:58  Drone x2  
  18  1:12  Extractor, Spawning Pool  
  18  1:15  Drone  
  17  1:19  Drone  
  18  1:28  Drone  
  19  1:38  Overlord  
  19  1:49  Drone  
  20  2:00  Queen  
  22  2:04  Queen  
  22  2:05  Zergling x4  
  26  2:13  Metabolic Boost  
  26  2:19  Drone x2  
  28  2:30  Drone x2  
  30  2:39  Drone x2  
  32  2:44  Overlord  
  32  2:55  Baneling Nest  
  31  3:04  Drone x3  
  34  3:13  Overlord x2  
  34  3:18  Drone x4  
  34  3:19  Drone  
  40  3:20  Drone  
  40  3:25  Extractor, Drone  
  40  3:27  Queen  
  40  3:29  Zergling x2  
  43  3:41  Drone x2  
  45  3:46  Lair  
  45  3:54  Baneling x2  
  45  3:55  Zergling x6  
  47  3:56  Zergling x6  
  51  4:15  Hatchery  
  50  4:19  Pneumatized Carapace  
  50  4:20  Overlord x2  
  50  4:32  Evolution Chamber  
  50  4:33  Drone x3  
  50  4:35  Evolution Chamber  
  51  4:44  Extractor  
  51  4:45  Extractor, Queen  
  50  4:49  Spore Crawler  
  46  4:57  Spore Crawler  
  44  5:00  Zerg Melee Weapons Level 1  
  44  5:01  Zerg Ground Armor Level 1  
  44  5:16  Hydralisk Den  
  43  5:24  Zergling x28  
  57  5:35  Queen  
  57  5:37  Drone x4  
  57  5:38  Drone  
  57  5:42  Overlord  
  64  5:45  Muscular Augments  
  64  5:47  Hydralisk  
  66  5:58  Drone  
  66  5:59  Drone x4  
  71  6:08  Hydralisk x2  
  75  6:27  Spore Crawler  
  73  6:38  Baneling x2  
  73  6:39  Baneling x2  
  71  6:45  Drone x9  
  71  6:46  Drone x2  
  82  6:51  Centrifical Hooks  
  82  6:54  Overlord x3  
  82  6:56  Zerg Missile Weapons Level 1  
  82  7:05  Infestation Pit  
  68  7:28  Zergling x32  
  81  7:32  Hydralisk x2  
  85  7:38  Hydralisk x2  
  85  7:39  Hydralisk  
  91  7:49  Overseer  
  91  7:50  Overseer  
  91  7:54  Hydralisk x4  
  91  7:55  Hydralisk  
  101  8:07  Hydralisk  
  101  8:10  Hatchery  
  102  8:20  Baneling x5  
  102  8:21  Baneling  
  102  8:22  Lurker Den  
  102  8:29  Zerg Ground Armor Level 2  
  102  8:35  Hydralisk  
  104  8:42  Baneling x3  
  104  8:43  Baneling  
  104  8:48  Overlord x5  
  103  9:06  Drone, Hydralisk x2  
  103  9:07  Hydralisk x3  
  88  9:22  Hydralisk x3  
  94  9:26  Zergling x2  
  94  9:27  Zergling x28  
  109  9:35  Drone x5  
  114  9:41  Drone x4  
  118  9:46  Queen  
  118  9:52  Zerg Missile Weapons Level 2  
  120  9:57  Hydralisk  
  120  9:58  Hydralisk x2  
  126  10:02  Lurker  
  126  10:06  Hydralisk x2  
  131  10:16  Hydralisk x2  
  128  10:31  Hydralisk  
  128  10:32  Hydralisk x2  
  110  10:38  Hydralisk x2  
  114  10:51  Zergling x28  
  114  10:52  Zergling x4  
  130  10:58  Hydralisk x2  
  130  11:02  Hive  
  134  11:09  Drone x4  
  135  11:22  Hydralisk  
  135  11:23  Hydralisk x3  
  143  11:28  Zergling x6  
  143  11:31  Overlord  
  146  11:34  Queen  
  146  11:35  Queen  
  146  11:36  Hatchery, Queen  
  151  11:48  Overlord x2  
  151  11:49  Overlord x3  
  151  12:04  Spire  
  150  12:09  Zerg Melee Weapons Level 2  
  150  12:23  Zergling x2  
  150  12:24  Zergling x38  
  150  12:27  Zergling x2  
  131  12:44  Hydralisk  
  131  12:45  Hydralisk x6  
  145  12:57  Zergling x2  
  145  12:58  Zergling x22  
  157  13:06  Hydralisk x2  
  153  13:14  Hydralisk x3  
  140  13:22  Hydralisk x3  
  140  13:24  Zergling x2  
  145  13:32  Drone x3  
  148  13:37  Hydralisk x2  
  152  13:45  Lurker  
  152  13:47  Hydralisk x2  
  157  13:52  Extractor  
  157  13:54  Extractor  
  155  13:55  Extractor  
  143  14:22  Hatchery  
Tags
 
Add a new tag
Caveats
  • Supply blocks, unpowered buildings, or Contaminate may cause inaccurate times.
  • Supply counts are checked every 10 seconds.